 Dungeon Crawl Stone Soup version 0.29.1-15-g9cfb28693d (webtiles) character file.

Game seed: 8698174014476934982

6419 jgf the Cleaver (level 10, 0/86 (91) HPs)
             Began as a Minotaur Berserker on Mar 25, 2023.
             Was an Elder of Trog.
             Killed from afar by an acid dragon (18 damage)
             ... with a splash of acid
             ... on level 8 of the Dungeon.
             The game lasted 00:55:18 (10468 turns).

jgf the Cleaver (Minotaur Berserker)               Turns: 10468, Time: 00:55:19

HP:   0/86 (91)     AC: 14    Str: 26    XL:     10   Next: 66%
MP:   9/9           EV:  8    Int:  4    God:    Trog [****..]
Gold: 1552          SH:  9    Dex: 10    Spells: 9/9 levels left

rFire   . . .      SeeInvis .   u - +2 war axe (protect)
rCold   . . .      Faith    .   e - +0 kite shield
rNeg    . . .      Spirit   .   d - +0 chain mail
rPois   +          Reflect  .   (helmet restricted)
rElec   .          Harm     .   h - +0 cloak
rCorr   .          Rampage  .   T - +0 pair of gloves
Will    .....                   (no boots)
Stlth   ..........              (no amulet)
HPRegen 0.24/turn               q - ring of poison resistance
MPRegen 0.11/turn               (no ring)

@: on berserk cooldown, slowed, studying Unarmed Combat, drained, very slow
A: horns 2, retaliatory headbutt
a: Renounce Religion, Berserk, Trog's Hand, Brothers in Arms


You were on level 8 of the Dungeon.
You worshipped Trog.
Trog was greatly pleased with you.
You visited 2 branches of the dungeon, and saw 9 of its levels.

You collected 1552 gold pieces.

Inventory:

Hand Weapons
 i - a +0 club
 k - a +0 hand axe
 o - a +4 scimitar of freezing
 u - a +2 war axe of protection (weapon)
 x - a +0 halberd
Missiles
 g - 24 stones
 t - 4 datura-tipped darts (quivered)
 M - 3 poisoned darts
 N - 8 boomerangs
Armour
 a - a +0 ring mail
 d - a +0 chain mail (worn)
 e - a +0 kite shield (worn)
 h - a +0 cloak (worn)
 j - a +0 leather armour
 v - a +0 helmet
 w - a +0 robe
 y - a +0 robe
 T - a +0 pair of gloves (worn)
Jewellery
 q - a ring of poison resistance (left hand)
Wands
 f - a wand of paralysis (18)
 F - a wand of polymorph (8)
Scrolls
 l - 2 scrolls of teleportation
 m - a scroll of poison
 A - a scroll of identify
 G - a scroll of fear
Potions
 b - a potion of flight
 c - 2 potions of magic
 n - 2 potions of might
 p - 2 potions of resistance {unknown}
 r - a potion of brilliance {unknown}
 s - 4 potions of curing
 z - 2 potions of invisibility {unknown}
 B - a potion of lignification {unknown}
 C - 2 potions of cancellation {unknown}
 D - a potion of berserk rage {unknown}
 E - a potion of ambrosia {unknown}
 K - 2 potions of mutation {unknown}


   Skills:
 + Level 9.1 Fighting
 + Level 6.4 Long Blades
 + Level 10.8 Axes
 + Level 1.3 Throwing
 + Level 9.8 Armour
 + Level 4.3 Dodging
 + Level 7.1 Shields


You had 9 spell levels left.
You didn't know any spells.
Your spell library was empty.

Dungeon Overview and Level Annotations

Branches:
Dungeon (8/15)             Temple (0/1) D:6            Lair (1/5) D:8

Altars:
Makhleb


Innate Abilities, Weirdness & Mutations

You have a pair of horns on your head.
You reflexively headbutt those who attack you in melee.


Message History

You block the raiju's attack.
You closely miss the raiju. You headbutt the raiju!
The raiju is heavily wounded.
The raiju bites you. The raiju shocks you!
You hit the raiju.
Your weapon exudes an aura of protection.
Your headbutt misses the raiju.
The raiju is severely wounded.
The raiju bites you. The raiju shocks you!
You closely miss the raiju.
The raiju is severely wounded.
The raiju bursts into living lightning!
The living lightning hits you!!
* * * LOW HITPOINT WARNING * * *
The raiju blinks!
Okay, then.
A red film seems to cover your vision as you go berserk!
You feel yourself moving faster!
You feel mighty!
The raiju bursts into living lightning!
The living lightning misses you.
The raiju blinks!
You slice the raiju!!
You kill the raiju!
Trog accepts your kill.
Okay, then.
You start resting.
You feel a strong urge to attack something.
Items here: ) [ ††.
You feel your anger nearly subside.
Things that are here:
a +0 dagger; a +0 robe You are no longer berserk.
You are exhausted.
You feel yourself slow down.
An acid dragon comes into view.
The acid dragon attacks as you move away!
The acid dragon misses you.
The acid dragon claws you but does no damage.
The acid dragon spits acid at you. The splash of acid hits you!!
You die...

#####....### ♣♣...
#.....#...## ### ♣♣..
#.##..#.#..# #.###
#########♣.♣ #..#.##.#####)#.♣
♣.#z.†.)z...
####.##.....#)#.♣♣♣.♣.♣♣♣♣♣...
..#####....(.♣.♣.z.♣ ♣.♣. ###
#..D.#.♣.♣.♣.♣♣♣♣♣.†.
#....#))...#.........
##..@################
#..(....... ............#
####.####.##.# #.# .# #. # #.


You could see an acid dragon (catching breath).

Vanquished Creatures
  A cyclops (D:8)
  A meliai (D:8)
  A raiju (shapeshifter) (D:8)
  A wraith (D:8)
  A steam dragon (D:8)
  A vampire mosquito (D:8)
  An acid dragon (D:8)
  3 wargs (D:8)
  4 water moccasins
  3 orc warriors
  4 ice beasts
  2 black bears (D:4)
  2 sky beasts
  An ogre (D:7)
  3 centaurs (D:8)
  A phantom (D:6)
  2 necrophages (D:7)
  2 bullfrogs
  4 scorpions
  14 wights
  9 killer bees (D:8)
  A howler monkey (D:5)
  12 orc priests
  3 gnoll boudas
  4 hounds
  Crazy Yiuf (D:3)
  2 jellies
  3 iguanas
  10 orc wizards
  15 gnolls
  6 adders
  2 ufetubi (D:4)
  3 worms
  4 dart slugs
  38 orcs
  4 ball pythons
  3 bats
  7 endoplasms
  2 giant cockroaches (D:2)
  6 goblins
  3 hobgoblins
  7 jackals (D:1)
  6 kobolds
  2 quokkas
  2 frilled lizards
  5 rats (D:2)
212 creatures vanquished.

Vanquished Creatures (others)
  2 orcs
  2 fungi (D:3)
  17 plants (D:4)
21 creatures vanquished.

Grand Total: 233 creatures vanquished

Notes
Turn   | Place    | Note
-------+----------+-------------------------------------------
     0 | D:1      | jgf the Minotaur Berserker began the quest for the Orb.
     0 | D:1      | Reached XP level 1. HP: 19/19 MP: 0/0
   134 | D:1      | Reached XP level 2. HP: 27/27 MP: 1/1
   136 | D:1      | Reached skill level 4 in Axes
   891 | D:2      | Reached XP level 3. HP: 33/33 MP: 2/2
  1033 | D:2      | Reached ** piety under Trog
  1348 | D:2      | Found a faded altar of an unknown god.
  1970 | D:3      | Reached XP level 4. HP: 27/41 MP: 3/3
  1986 | D:3      | Reached skill level 1 in Shields
  2504 | D:3      | Reached skill level 5 in Axes
  2504 | D:3      | Reached XP level 5. HP: 47/47 MP: 4/4
  2624 | D:3      | Found a runed translucent door.
  2625 | D:3      | Noticed Crazy Yiuf
  2635 | D:3      | Killed Crazy Yiuf
  3012 | D:4      | Noticed a black bear
  3024 | D:4      | Killed a black bear
  3025 | D:4      | Reached skill level 5 in Fighting
  3025 | D:4      | Reached XP level 6. HP: 56/56 MP: 5/5
  3100 | D:4      | Reached skill level 6 in Axes
  3538 | D:4      | Reached XP level 7. HP: 61/61 MP: 6/6
  3571 | D:4      | Reached skill level 5 in Armour
  3650 | D:4      | Reached *** piety under Trog
  3651 | D:4      | Reached skill level 7 in Axes
  4398 | D:5      | Entered Level 5 of the Dungeon
  4502 | D:5      | Found a burning altar of Makhleb.
  4503 | D:5      | You fall into a shaft and drop 1 floor!
  4586 | D:6      | Reached XP level 8. HP: 52/71 MP: 7/7
  5054 | D:6      | Found a staircase to the Ecumenical Temple.
  5059 | D:6      | Reached skill level 1 in Long Blades
  6721 | D:5      | Reached XP level 9. HP: 23/76 MP: 8/8
  7580 | D:6      | Reached skill level 5 in Long Blades
  7691 | D:6      | Identified a scroll of acquirement
  7691 | D:6      | Acquired 1096 gold pieces
  7795 | D:7      | Reached skill level 5 in Shields
  8064 | D:7      | Reached skill level 1 in Throwing
  8270 | D:7      | Reached skill level 8 in Axes
  8608 | D:7      | Reached **** piety under Trog
  8982 | D:8      | Reached skill level 9 in Axes
  9252 | D:8      | Reached XP level 10. HP: 34/90 MP: 9/9
  9279 | D:8      | Found a staircase to the Lair.
  9913 | Lair:1   | Entered Level 1 of the Lair of Beasts
 10022 | D:8      | Reached skill level 10 in Axes
 10081 | D:8      | Noticed a cyclops
 10116 | D:8      | Killed a cyclops
 10142 | D:8      | HP: 3/74 [wight/+4 scimitar of freezing (3)]
 10468 | D:8      | Killed from afar by an acid dragon

Illustrated notes

Levels and vault maps discovered:
D:1:      evilmike_arrival_home_sweet_home, layout_basic
D:2:      layout_basic, basic_ecumenical_altar, serial_rivers,
          chequers_serial_rivers_small_b, chequers_serial_rivers_marsh,
          chequers_serial_rivers_micro_b, chequers_serial_rivers_marsh,
          chequers_serial_rivers_micro_a, chequers_serial_rivers_small_3,
          grunt_ministairs_1
D:3:      wander_river, layout_rooms, uniq_crazy_yiuf_cottage
D:4:      cheibrodos_helix_gallery, layout_gridville, nicolae_grassy_gnolls
D:5:      layout_loops_ring, amcnicky_altar_gilded,
          chequers_serial_rivers_small_a, chequers_serial_rivers_room_b
D:6:      layout_loops_ring, minmay_temple_entry_hall
D:7:      layout_loops_ring
D:8:      nzn_winding_woodlands_large [nzn_winding_woodlands_5x5_cross,
          nzn_winding_woodlands_5x15_pool,
          nzn_winding_woodlands_5x5_checkerboard,
          nzn_winding_woodlands_center_lodge,
          nzn_winding_woodlands_15x15_thick_spiral,
          nzn_winding_woodlands_center_pierced_h,
          nzn_winding_woodlands_5x5_three,
          nzn_winding_woodlands_5x15_concentric,
          nzn_winding_woodlands_5x5_default], layout_basic,
          erik_lair_orcish_takeover
Lair:1:   layout_regular_city, serial_bayou_pond_d

Skill      XL: |  1  2  3  4  5  6  7  8  9 10 |
---------------+-------------------------------+-----
Axes           | 4 5 6 7 9 10 | 10.8
Fighting       | 4 5 6 7 8 9 |  9.1
Armour         | 3 4 6 7 8 9 |  9.8
Shields        | 1 2 4 5 7 |  7.1
Dodging        | 3 4 |  4.3
Long Blades    | 4 6 |  6.4
Throwing       | 1 |  1.3

Action                   |  1- 3 |  4- 6 |  7- 9 | 10-12 || total
-------------------------+-------+-------+-------+-------++-------
Melee: Hand axe          |    85 |   105 |   102 |       ||   292
       Headbutt          |    11 |    21 |    45 |    17 ||    94
       Scimitar          |       |       |   116 |       ||   116
       War axe           |       |       |   104 |   113 ||   217
Throw: Stone             |    11 |    11 |     5 |       ||    27
       Dart              |     1 |       |     6 |     3 ||    10
Invok: Berserk           |       |     6 |     8 |     4 ||    18
       Trog's Hand       |       |     1 |     3 |     3 ||     7
  Use: Scroll            |     6 |       |    13 |     1 ||    20
       Potion            |       |       |     1 |     5 ||     6
Armor: Animal skin       |     1 |       |       |       ||     1
       Chain mail        |    40 |    46 |   145 |    86 ||   317
       Scale mail        |     1 |       |       |       ||     1
Dodge: Dodged            |    36 |    20 |    99 |    56 ||   211
Block: Kite shield       |     7 |    28 |   133 |    81 ||   249
